 Dungeon Crawl Stone Soup version 0.30-a0-297-g0ec75d9ef4 (webtiles) character file.

Game seed: 11320175177261540345

1024 benadryl the Firebug (level 8, 0/61 HPs)
             Began as a Formicid Fire Elementalist on Oct 19, 2022.
             Was an Initiate of Hepliaklqana.
             Succumbed to a water moccasin's poison
             ... on level 6 of the Dungeon.
             The game lasted 00:10:25 (4410 turns).

benadryl the Firebug (Formicid Fire Elementalist)   Turns: 4410, Time: 00:10:26

Health: 0/61       AC:  8    Str: 14    XL:     8   Next: 46%
Magic:  6/16       EV: 12    Int: 16    God:    Hepliaklqana [......]
Gold:   294        SH:  0    Dex: 14    Spells: 15/18 levels left

rFire   . . .      SeeInvis +    j - +0 short sword (venom)
rCold   . . .      Faith    .    (no shield)
rNeg    . . .      Spirit   .    a - +0 robe
rPois   .          Reflect  .    (helmet unavailable)
rElec   .          Harm     .    (no cloak)
rCorr   .          Rampage  .    l - +1 pair of gloves
Will    .....                    (no boots)
Stlth   ++........               (no amulet)
HPRegen 0.30/turn                g - +4 ring of protection
MPRegen 0.15/turn                (no ring)

@: lethally poisoned (0 -> -13)
A: permanent stasis, dig shafts and tunnels, antennae 3, four strong arms
a: Dig, Shaft Self, Renounce Religion


You were on level 6 of the Dungeon.
You worshipped Hepliaklqana.
Hepliaklqana was noncommittal.
You visited 2 branches of the dungeon, and saw 7 of its levels.

You collected 294 gold pieces.

Inventory:

Hand Weapons
 j - a +0 short sword of venom (weapon)
Missiles
 i - a throwing net
Armour
 a - a +0 robe (worn)
 l - a +1 pair of gloves (worn)
Magical Staves
 d - a staff of conjuration
Jewellery
 g - a +4 ring of protection (left hand)
 h - an amulet of faith
 u - a ring of ice
Wands
 k - a wand of charming (1)
 p - a wand of polymorph (4)
 s - a wand of light (7)
Scrolls
 q - a scroll of poison {unknown}
 w - a scroll of vulnerability {unknown}
Potions
 b - 2 potions of magic
 c - 3 potions of berserk rage
 e - a potion of mutation {unknown}
 f - 4 potions of curing {@q1}
 m - a potion of ambrosia {unknown}
 n - a potion of might {unknown}
 o - 2 potions of heal wounds
 r - 2 potions of brilliance {unknown}
 v - a potion of degeneration {unknown}


   Skills:
 + Level 4.8 Fighting
 - Level 1.7 Dodging
 - Level 2.4 Stealth
 + Level 5.5 Spellcasting
 - Level 0.8 Conjurations
 * Level 6.9 Fire Magic


You had 15 spell levels left.
You knew the following spells:

 Your Spells              Type           Power      Damage    Failure   Level
a - Foxfire               Conj/Fire      64%        2x1d7     3%          1
b - Scorch                Fire           52%        2d7       1%          2

Your spell library contained the following spells:

 Spells                   Type           Power      Damage    Failure   Level
 Inner Flame              Hex/Fire       15%        N/A       11%         3
 Apportation              Tloc           8%         N/A       14%         1
 Necrotise                Necr           16%        1d4       14%         1
 Summon Small Mammal      Summ           16%        N/A       14%         1
 Kindle Blastsparks       Fire/Tloc/Air  22%        2d11      17%         3
 Flame Wave               Conj/Fire      16%        2d7       28%         4
 Dazzling Flash           Conj/Hex       10%        N/A       36%         3
 Ozocubu's Armour         Ice            4%         N/A       41%         3
 Agony                    Necr           4%         N/A       99%         5
 Metabolic Englaciation   Hex/Ice        2%         N/A       99%         5
 Silence                  Hex/Air        2%         N/A       99%         5
 Simulacrum               Ice/Necr       2%         N/A       100%        6


Dungeon Overview and Level Annotations

Branches:
Dungeon (6/15)             Temple (1/1) D:5

Altars:
Ashenzari
Cheibriados
Dithmenos
Elyvilon
Gozag
Hepliaklqana
Makhleb
Okawaru
Qazlal
Sif Muna
Trog
Wu Jian
Yredelemnul
Zin


Innate Abilities, Weirdness & Mutations

You cannot be hasted, slowed, berserked, paralysed or teleported.
You can dig through walls and to a lower floor.
You have a pair of large antennae on your head. (SInv)
Your four strong arms can wield two-handed weapons with a shield.


Message History

The water moccasin poisons you!
The water moccasin bites you but does no damage.
You feel very sick. The water moccasin bites you.
Casting: Scorch (safe; 1% risk of failure)
Confirm with . or Enter, or press ? or * to list all spells.
You conjure some foxfire!
You feel sick. The water moccasin bites you.
The water moccasin barely misses you.
You feel sick.
The water moccasin is no longer more vulnerable to fire.
The foxfire hits the water moccasin.
The water moccasin is heavily wounded.
The foxfire hits the water moccasin.
The water moccasin is heavily wounded.
The water moccasin barely misses you.
Casting: Foxfire (safe; 3% risk of failure)
Confirm with . or Enter, or press ? or * to list all spells.
Flames lash the water moccasin.
The water moccasin is almost dead.
The water moccasin's fire resistance burns away.
You feel sick. The water moccasin bites you.
You are more poisoned.
The water moccasin poisons you!
You feel very sick. The water moccasin closely misses you.
The water moccasin bites you.
* * * LOW HITPOINT WARNING * * *
You are lethally poisoned!
The water moccasin poisons you!
* * * LOW HITPOINT WARNING * * *
You feel very sick.
The water moccasin bites you but does no damage.
Casting: Scorch (safe; 1% risk of failure)
Confirm with . or Enter, or press ? or * to list all spells.
Flames lash the water moccasin.
The water moccasin is burned terribly!
You kill the water moccasin!
* * * LOW HITPOINT WARNING * * *
You feel very sick.
* * * LOW HITPOINT WARNING * * *
You feel very sick.
You die...

#.. .. #.. #.. ..
{#.. #.. . #.. ..#.#
#.?# ###.#.# ...
..... ###.#####.###
##.#..†........#
.......@...#.#.# ##
##.#.....#.#.#... #.
#.:...#.#.##########.
#.###.#.#.#..........
#. ..#.#.....#######
# ###.#............
..#......######
###+###'## #.....#


There were no monsters in sight!

Vanquished Creatures
  A water moccasin (D:6)
  A black bear (D:5)
  An ice beast (D:5)
  An ogre (D:6)
  2 scorpions
  2 necrophages (D:5)
  6 hounds (D:5)
  2 iguanas
  4 gnolls (D:5)
  6 adders
  2 white imps
  An ufetubus (D:4)
  2 worms
  A dart slug (D:1)
  3 orcs
  6 ball pythons
  7 endoplasms
  2 giant cockroaches
  2 hobgoblins (D:3)
  2 jackals (D:1)
  2 kobolds
  A quokka (D:2)
  4 bats
  5 frilled lizards
  7 goblins
  4 rats
77 creatures vanquished.

Vanquished Creatures (others)
  40 foxfires
  5 plants (D:6)
45 creatures vanquished.

Grand Total: 122 creatures vanquished

Notes
Turn   | Place    | Note
-------+----------+-------------------------------------------
     0 | D:1      | benadryl the Formicid Fire Elementalist began the quest for
                  | the Orb.
     0 | D:1      | Reached XP level 1. HP: 13/13 MP: 3/3
    97 | D:1      | Reached XP level 2. HP: 14/20 MP: 0/5
   286 | D:1      | Reached skill level 1 in Fighting
   388 | D:1      | Reached XP level 3. HP: 26/26 MP: 5/7
   460 | D:1      | Learned a level 2 spell: Scorch
   858 | D:2      | Reached XP level 4. HP: 32/32 MP: 8/8
  2142 | D:3      | Found an iron altar of Okawaru.
  2450 | D:4      | Reached XP level 5. HP: 36/38 MP: 10/10
  2479 | D:4      | You fall into a shaft and drop 1 floor!
  2479 | D:5      | Entered Level 5 of the Dungeon
  2512 | D:5      | Noticed a black bear
  2522 | D:5      | Killed a black bear
  2523 | D:5      | Reached skill level 4 in Fire Magic
  2523 | D:5      | Reached XP level 6. HP: 38/46 MP: 10/12
  2772 | D:5      | Noticed an ice beast
  2779 | D:5      | Killed an ice beast
  2780 | D:5      | Reached skill level 5 in Fire Magic
  2780 | D:5      | Reached XP level 7. HP: 35/52 MP: 6/13
  3110 | D:5      | Reached skill level 6 in Fire Magic
  3113 | D:5      | Reached skill level 5 in Spellcasting
  3390 | D:5      | Found a shimmering blue altar of Sif Muna.
  3440 | D:5      | Reached XP level 8. HP: 18/60 MP: 12/15
  3698 | D:5      | Found a staircase to the Ecumenical Temple.
  3704 | Temple   | Entered the Ecumenical Temple
  3911 | Temple   | Became a worshipper of Hepliaklqana the Forgotten
  4133 | D:6      | Found a bloodstained altar of Trog.
  4410 | D:6      | Succumbed to a water moccasin's poison

Illustrated notes

Levels and vault maps discovered:
D:1:      beargit_arrival_greenhouse, layout_rooms, grunt_decor_junction
D:2:      layout_loops_ring, serial_forest, infiniplex_forest_end_2,
          infiniplex_forest_end_2, infiniplex_forest_clump_curved,
          infiniplex_forest_3_way, infiniplex_forest_straight_4,
          infiniplex_forest_end_double
D:3:      minmay_angry_zag, layout_basic, mainiacjoe_overflow_small_starburst
D:4:      layout_gridville, vehumet_crystals, nicolae_uskayaw_dance_hall,
          mainiacjoe_overflow_alcove_2, minmay_manual_mess
D:5:      layout_rooms, mainiacjoe_overflow_paths, minmay_temple_entry_fiery,
          minmay_pentangle
D:6:      old_forge, layout_basic, overflow_temple_1_default,
          fedhas_ov_isle_minmay, mainiacjoe_overflow_six_doors_small,
          nicolae_shop_overcharged_wands
Temple:   bh_familiar_temple

Skill      XL: |  1  2  3  4  5  6  7 |
---------------+----------------------+-----
Fighting       | 1 2 3 4 |  4.8
Spellcasting   | 3 4 5 |  5.5
Fire Magic     | 4 5 6 |  6.9
Dodging        | |  1.7
Stealth        | |  2.4
Conjurations   | |  0.8

Action                   |  1- 3 |  4- 6 |  7- 9 || total
-------------------------+-------+-------+-------++-------
Melee: Short sword       |    47 |   127 |    57 ||   231
       Punch             |     1 |     2 |     1 ||     4
 Cast: Foxfire           |    11 |       |     9 ||    20
       Scorch            |     6 |     3 |    32 ||    41
  Use: Scroll            |       |     3 |     6 ||     9
       Potion            |       |       |     2 ||     2
 Stab: Sleeping          |     6 |     5 |       ||    11
       Distracted        |       |     1 |       ||     1
Armor: Robe              |     8 |    58 |    44 ||   110
       Skin              |       |       |    17 ||    17
Dodge: Dodged            |    35 |    71 |    82 ||   188

Table legend: (Time is in decaauts)
 A = Elapsed time spent in this place.
 B = Non-inter-level travel time spent in this place.
 C = Inter-level travel time spent in this place.
 D = Time resting spent in this place.
 E = Time spent auto-exploring this place.
 F = Levels seen in this place.
 G = Mean time per level.
                   A        B        C        D        E       F      G
               +--------+--------+--------+--------+--------+-----+--------+
         Total |   4407 |   4021 |    386 |    713 |   2562 |   7 |  629.6 |
       Dungeon |   4187 |   3942 |    245 |    713 |   2489 |   6 |  697.8 |
        Temple |    219 |     78 |    141 |      0 |     73 |   1 |  219.0 |
               +--------+--------+--------+--------+--------+-----+--------+

Top non-repeatable levels by time:
     D:5: 1298 daAuts
     D:2: 1063 daAuts
     D:3: 705 daAuts
     D:1: 647 daAuts
     D:6: 412 daAuts
  Temple: 219 daAuts
     D:4: 60 daAuts
